 Dungeon Crawl Stone Soup version 0.21.1-1-g345015f (webtiles) character file.

20 inc the Ducker (level 2, -2/12 HPs)
             Began as a Felid Transmuter on Mar 5, 2018.
             Killed from afar by Natasha (7 damage)
             ... with a magic dart
             ... on level 2 of the Dungeon.
             The game lasted 00:00:47 (975 turns).

inc the Ducker (Felid Transmuter)                    Turns: 975, Time: 00:00:47

Health: -2/12      AC:  1    Str:  6    XL:     2   Next: 58%
Magic:  6/6        EV: 19    Int: 14    God:
Gold:   57         SH:  0    Dex: 16    Spells: 4/5 levels left
                                        Lives:  0   Deaths: 0

rFire    . . .     SeeInvis +     - Unarmed
rCold    . . .     Gourm    .   (shield unavailable)
rNeg     . . .     Faith    .   (armour unavailable)
rPois    .         Spirit   .   (helmet unavailable)
rElec    .         Reflect  .   (cloak unavailable)
rCorr    .         Harm     .   (gloves unavailable)
MR       .....                  (boots unavailable)
Stlth    ++........             (no amulet)
HPRegen  0.04/turn              (no ring)
MPRegen  0.10/turn              (no ring)

@: quick
A: very small, no armour, no weapons or thrown items, stealth, claws 1, fangs 3,
see invisible, carnivore, speed 1, shaggy fur 1, slow metabolism 1, sharp paws
a: no special abilities


You were on level 2 of the Dungeon.
You were very full.

You visited 1 branch of the dungeon, and saw 2 of its levels.

You collected 57 gold pieces.

Inventory:

Missiles
 a - 34 arrows
Scrolls
 d - a scroll of enchant armour {unknown}
 e - a scroll of immolation {unknown}
 g - 3 scrolls of remove curse {unknown}
 h - a scroll of teleportation {unknown}
 i - a scroll of fog {unknown}
 k - a scroll of fear {unknown}
 l - a scroll of magic mapping {unknown}
 m - a scroll of identify {unknown}
Potions
 f - 3 potions of ambrosia {unknown}
 j - 2 potions of heal wounds {unknown}
Books
 b - a book of Changes

   Spells                             Type                      Level
   a - Beastly Appendage              Transmutation                1
   b - Sticks to Snakes               Transmutation                2
   c - Spider Form                    Transmutation/Poison         3
   d - Ice Form                       Ice/Transmutation            4
   e - Blade Hands                    Transmutation                5
Comestibles
 c - a ration


   Skills:
 - Level 1.0 Fighting
 + Level 4.3 Dodging
 - Level 3.0 Unarmed Combat
 - Level 2.0 Spellcasting
 - Level 2.1 Transmutations


You had 4 spell levels left.
You knew the following spells:

 Your Spells              Type           Power        Failure   Level  Hunger
a - Beastly Appendage     Tmut           #.....       10%         1    ##.....


Dungeon Overview and Level Annotations

Branches:
Dungeon (2/15)

Altars:

Annotations:
D:2 Natasha


Innate Abilities, Weirdness & Mutations

You cannot wear armour.
You are incapable of wielding weapons or throwing items.
Your paws allow you to move quietly. (Stealth)
You have sharp claws.
You have razor-sharp teeth.
You have supernaturally acute eyesight. (SInv)
You are carnivorous and can eat meat at any time.
You cover ground quickly.
You are covered in fur. (AC +1)
You have a slow metabolism.
Your sharp claws are effective at attacking unaware monsters.


Message History

You kill the rat!
Natasha casts a spell at you. The magic dart hits you!
Ouch! That really hurt!
You are too injured to fight recklessly!
You are too injured to fight recklessly!
You are too injured to fight recklessly!
You are too injured to fight recklessly!
You are too injured to fight recklessly!
You are too injured to fight recklessly!
There are monsters nearby!
The white imp gestures at you. The puff of frost misses you.
Natasha mumbles some strange words.
The white imp gestures at you. The puff of frost misses you.
Natasha casts a spell at you. The magic dart hits you!
Ouch! That really hurt!
You die...

..... #.##). . #.# ..
.. #.# #.# ... #.#
..####.... #.#
......... #.#
###.†..h...
######<###.....5....
....(.....@..........
#######..............
###############


You could see Natasha and a white imp.

Vanquished Creatures
  A dart slug (D:1)
  A ball python (D:1)
  A giant cockroach (D:1)
  A goblin (D:1)
  2 hobgoblins (D:1)
  4 jackals (D:1)
  3 bats (D:1)
  2 kobolds (D:1)
  2 rats
17 creatures vanquished.

Notes
Turn   | Place    | Note
-------+----------+-------------------------------------------
     0 | D:1      | inc the Felid Transmuter began the quest for the Orb.
     0 | D:1      | Reached XP level 1. HP: 9/9 MP: 4/4
    64 | D:1      | Reached skill level 3 in Dodging
   182 | D:1      | Reached XP level 2. HP: 10/12 MP: 6/6
   265 | D:1      | Reached skill level 4 in Dodging
   970 | D:2      | Noticed Natasha
   975 | D:2      | Killed from afar by Natasha

Skill      XL: |  1  2 |
---------------+-------+-----
Dodging        | 3 4 |  4.3
Fighting       | |  1.0
Unarmed Combat | |  3.0
Spellcasting   | |  2.0
Transmutations | |  2.1

Action                   || total
-------------------------++-------
Melee: Unarmed           ||    51
       Bite              ||     6
 Stab: Sleeping          ||     2
  Eat: Chunk             ||     5
Armor: Skin              ||     3
Dodge: Dodged            ||    46
